 Dungeon Crawl Stone Soup version 0.29.0-4-gdea44cf6ec (webtiles) character file.

Game seed: 833010082463374985

112 qw the Chopper (level 4, 0/28 HPs)
             Began as a Gargoyle Fighter on Sept 10, 2022.
             Killed from afar by a white imp (1 damage)
             ... with a puff of frost
             ... on level 4 of the Dungeon.
             The game lasted 00:01:15 (3038 turns).

qw the Chopper (Gargoyle Fighter)                   Turns: 3038, Time: 00:01:16

Health: 0/28       AC: 13    Str: 21    XL:     4   Next: 93%
Magic:  4/4        EV:  7    Int:  9    God:
Gold:   138        SH:  4    Dex:  9    Spells: 3/3 levels left

rFire   . . .      SeeInvis .   Y - +0 war axe (freeze)
rCold   . . .      Faith    .   c - +0 buckler
rNeg    + . .      Spirit   .   o - +0 chain mail
rPois   inf        Reflect  .   n - +0 helmet
rElec   +          Harm     .   (no cloak)
rCorr   .          Rampage  .   (no gloves)
Will    .....                   (no boots)
Stlth   ..........              (no amulet)
HPRegen 0.09/turn               (no ring)
MPRegen 0.09/turn               (no ring)

@: no status effects
A: sickness immunity, AC +3, negative energy resistance 1, electricity
resistance, torment resistance 1, petrification resistance
a: no special abilities


You were on level 4 of the Dungeon.
You visited 1 branch of the dungeon, and saw 4 of its levels.

You collected 138 gold pieces.


Innate Abilities, Weirdness & Mutations

You are immune to sickness and miasma.
Your stone body is resilient. (AC +3)
You are immune to poison.
You resist negative energy. (rN+)
You are resistant to electric shocks. (rElec)
You are resistant to unholy torment.
You are immune to petrification.


   Skills:
 - Level 3.2 Fighting
 + Level 4.5 Axes
 - Level 3.2 Armour
 - Level 3.2 Shields


You had 3 spell levels left.
You didn't know any spells.
Your spell library was empty.

Inventory:

Hand Weapons
 k - a +0 mace
 Y - a +0 war axe of freezing (weapon)
Armour
 c - a +0 buckler (worn)
 n - a +0 helmet (worn)
 o - a +0 chain mail (worn)
Scrolls
 a - a scroll of fog
 b - a scroll of identify
 j - a scroll of teleportation
Potions
 d - a potion of might
 e - a potion of attraction
 h - a potion of mutation
 m - a potion of curing {unknown}

Dungeon Overview and Level Annotations

Branches:
Dungeon (4/15)
 Temple: D:4-7

Altars:
Sif Muna


Message History

You hit the hobgoblin. You freeze the hobgoblin.
You kill the hobgoblin!
The iguana closely misses you.
You see here a hobgoblin corpse.
You closely miss the iguana. The iguana barely misses you.
The iguana bites you! The white imp hits you. The white imp freezes you.
You closely miss the iguana. You closely miss the white imp.
You block the white imp's attack. The iguana closely misses you.
You hit the iguana.
The iguana seems to slow down.
You freeze the iguana.
The iguana is lightly wounded.
You closely miss the white imp.
The white imp hits you but does no damage.
The iguana bites you but does no damage.
You closely miss the iguana.
The iguana is lightly wounded.
You closely miss the white imp.
The white imp hits you but does no damage.
The iguana bites you.
The white imp hits you but does no damage.
You hit the iguana.
The iguana seems to slow down.
You freeze the iguana.
The iguana is severely wounded.
You hit the white imp but do no damage.
You hear the slow hiss of a very distant avalanche of sand.
The white imp hits you but does no damage.
The iguana bites you.
You slash the iguana! You freeze the iguana.
You kill the iguana!
You barely miss the white imp.
The white imp hits you but does no damage.
You slash the white imp!
The white imp is severely wounded.
The white imp hits you but does no damage.
You closely miss the white imp.
The white imp is severely wounded.
The white imp gestures at you. The puff of frost hits you!
The white imp gestures at you. The puff of frost hits you.
You die...

#....
.#########..##
.............#
#..........#
#.......<..####
#...###.......##
###'###.........#
#........######.#
#....>..## #@#
#......###....%5#
##.....##...#...#
##.....#.. ##..#
#......# ##.#
##.....# . #.#
.##.....##.. #.#
............ ..#
..........##


You could see a white imp.

Vanquished Creatures
  An iguana (D:4)
  2 adders
  A dart slug (D:4)
  2 orcs (D:3)
  5 endoplasms
  A giant cockroach (D:1)
  6 goblins
  7 hobgoblins
  9 jackals (D:1)
  2 quokkas
  A ball python (D:2)
  9 bats
  3 frilled lizards (D:3)
  2 kobolds
  6 rats
57 creatures vanquished.

Notes
Turn   | Place    | Note
-------+----------+-------------------------------------------
     0 | D:1      | qw the Gargoyle Fighter began the quest for the Orb.
     0 | D:1      | Reached XP level 1. HP: 14/14 MP: 1/1
     0 | D:1      | 0 ||| qw: Version: 0.1-a-113-g051387a
     0 | D:1      | 0 ||| qw: Game counter: 7408
     0 | D:1      | 0 ||| qw: Always use a shield: true
     0 | D:1      | 0 ||| qw: God list: Okawaru
     0 | D:1      | 0 ||| qw: Allow faded altars: false
     0 | D:1      | 0 ||| qw: Do Orc after D:15 true
     0 | D:1      | 0 ||| qw: Do second Lair branch before Depths: true
     0 | D:1      | 0 ||| qw: Lair rune preference: random
     0 | D:1      | 0 ||| qw: Plans: Normal, Zot, God:TSO, Crypt, Tomb, Zig,
                  | Orb
     0 | D:1      | 0 ||| PLANNING D:1-11
    96 | D:1      | Reached skill level 2 in Axes
   115 | D:1      | Found a faded altar of an unknown god.
   227 | D:1      | Reached XP level 2. HP: 19/19 MP: 2/2
   315 | D:1      | 315 ||| Stepping ~*~*~tactically~*~*~ (stealth).
   327 | D:1      | 327 ||| Stepping ~*~*~tactically~*~*~ (stealth).
   331 | D:1      | 331 ||| Stepping ~*~*~tactically~*~*~ (stealth).
   371 | D:1      | Reached skill level 3 in Axes
   375 | D:1      | Reached XP level 3. HP: 13/23 MP: 3/3
   947 | D:1      | 947 ||| UPGRADING to +0 helmet.
   952 | D:1      | 952 ||| UPGRADING to +0 chain mail.
   962 | D:1      | 962 ||| DROPPING +0 scale mail.
   963 | D:1      | 963 ||| READING 2 scrolls labelled HEKIBUPOEFF.
   964 | D:1      | 964 ||| READING scroll labelled MYSTRI ITOACS.
   965 | D:1      | 965 ||| READING scroll labelled DYOFEZUUFU.
   966 | D:1      | 966 ||| READING scroll labelled CONESOANGU.
   967 | D:1      | 967 ||| READING scroll labelled JUEN TUBELI.
  1433 | D:2      | 1433 ||| Stepping ~*~*~tactically~*~*~ (hiding).
  2061 | D:2      | 2061 ||| READING scroll labelled HAIDGH SUACEC.
  2062 | D:2      | 2062 ||| READING scroll labelled GARHET RATOAMU.
  2063 | D:2      | 2063 ||| READING 2 scrolls labelled OVYUNU SECRAOCS.
  2068 | D:2      | 2068 ||| DRINKING 2 clear potions.
  2069 | D:2      | 2069 ||| READING 2 scrolls of identify.
  2069 | D:2      | 2069 ||| IDENTIFYING golden potion
  2070 | D:2      | 2070 ||| DROPPING potion of brilliance.
  2235 | D:3      | Reached XP level 4. HP: 28/28 MP: 4/4
  2258 | D:3      | 2258 ||| READING scroll of brand weapon.
  2258 | D:3      | 2258 ||| BRANDING +0 war axe of venom.
  2262 | D:3      | 2262 ||| READING scroll labelled UNALUI YGAIDALL.
  2292 | D:3      | 2292 ||| Stepping ~*~*~tactically~*~*~ (hiding).
  2293 | D:3      | 2293 ||| Stepping ~*~*~tactically~*~*~ (hiding).
  2541 | D:3      | Found a shimmering blue altar of Sif Muna.
  2734 | D:3      | Reached skill level 4 in Axes
  2970 | D:3      | 2970 ||| READING 2 scrolls of identify.
  2970 | D:3      | 2970 ||| IDENTIFYING fizzy puce potion
  2988 | D:4      | 2988 ||| PLANNING OSSUARY
  3025 | D:4      | 3025 ||| Stepping ~*~*~tactically~*~*~ (hiding).
  3038 | D:4      | HP: 1/28 [white imp/puff of frost (10)]
  3038 | D:4      | Killed from afar by a white imp

Levels and vault maps discovered:
D:1:      mrwooster_arrival_statue_2, layout_loops_cross,
          ebering_ecumenical_altar_hall
D:2:      layout_basic
D:3:      minmay_inner_zag, layout_loops_ring, mainiacjoe_overflow_boulevard
D:4:      layout_gridville, nicolae_ossuary_entry_ruins, minmay_hedge_maze,
          kennysheep_nub, minmay_cupped

Skill      XL: |  1  2  3  4 |
---------------+-------------+-----
Axes           | 2 3 4 |  4.5
Fighting       | |  3.2
Armour         | |  3.2
Shields        | |  3.2

Action                   |  1- 3 |  4- 6 || total
-------------------------+-------+-------++-------
Melee: War axe           |   117 |    67 ||   184
  Use: Scroll            |     9 |     3 ||    12
       Potion            |     1 |       ||     1
Armor: Scale mail        |    52 |       ||    52
       Chain mail        |    33 |    37 ||    70
Dodge: Dodged            |    50 |    25 ||    75
Block: Buckler           |    27 |     7 ||    34

Table legend:
 A = Non-vault XP
 B = Vault XP
 C = Vault XP percentage of total XP
 D = Non-vault monster count
 E = Vault monster count
 F = Vault count percentage of total count
                 A         B        C        D         E       F
            +---------+---------+-------+---------+---------+-------
      Total |     112 |      48 |  30.0 |      51 |       6 |  10.5
            +---------+---------+-------+---------+---------+-------
        D:1 |      44 |       0 |   0.0 |      25 |       0 |   0.0
        D:2 |      27 |       0 |   0.0 |      10 |       0 |   0.0
        D:3 |      37 |       7 |  15.9 |      15 |       4 |  21.1
        D:4 |       4 |      41 |  91.1 |       1 |       2 |  66.7
            +---------+---------+-------+---------+---------+-------
